DBL
MILWAUKEE CREAMS @ CHICAGO CUBS
05/15/1997
 
TOP OF THE 1ST
Milwaukee Creams batting - Pitching for Chicago Cubs : LHP Randy Tomlin
Pitching: LHP Randy Tomlin
Batting: LHB Tom Goodwin 0-0: Ball
1-0: Ball
2-0: Bunt for hit to 2L - play at first, batter OUT! 2-3
Batting: RHB Mark Loretta 0-0: Swinging Strike
0-1: Foul Ball, location: 2F
0-2: Ball
1-2: SINGLE (Groundball, 4D, EV 105.0 MPH)
Batting: SHB Chipper Jones 0-0: Called Strike
0-1: Ball
1-1: Swinging Strike
1-2: Ball
2-2: Foul Ball, location: 2F
2-2: Strikes out swinging
Batting: SHB Ken Caminiti Pickoff Throw to First - Out! 1-3
Top of the 1st over - 0 runs, 1 hit, 0 errors, 0 left on base; Milwaukee 0 - Chicago 0
BOTTOM OF THE 1ST
Chicago Cubs batting - Pitching for Milwaukee Creams : LHP Matt Young
Pitching: LHP Matt Young
Batting: RHB Derek Bell 0-0: Ground out 6-3 (Groundball, 56, EV 97.5 MPH)
Batting: RHB Jeff Cirillo 0-0: Called Strike
0-1: Ground out 6-3 (Groundball, 56D, EV 95.6 MPH)
Batting: LHB Trot Nixon 0-0: Foul Ball, location: 2F
0-1: Ball
1-1: SINGLE (Groundball, 4D, EV 108.1 MPH)
Batting: RHB Mike Piazza 0-0: Called Strike
0-1: Foul Ball, location: 2F
0-2: Ball
1-2: DOUBLE (Line Drive, 89D, EV 105.0 MPH)
Trot Nixon to third
Runner from 3rd tries for Home, SAFE, throw by CF to home
Batting: RHB Vinny Castilla 0-0: SINGLE (Groundball, 4MD, EV 103.1 MPH)
Mike Piazza to third
Runner from 3rd tries for Home, SAFE, throw by CF to home
Batting: RHB Carmelo Martinez 0-0: Ball
1-0: Called Strike
1-1: Ball
2-1: Called Strike
2-2: Ball
3-2: Fly out, F3 (Popup, 3SF, EV 75.0 MPH)
Bottom of the 1st over - 2 runs, 3 hits, 0 errors, 1 left on base; Milwaukee 0 - Chicago 2
TOP OF THE 2ND
Milwaukee Creams batting - Pitching for Chicago Cubs : LHP Randy Tomlin
Batting: SHB Ken Caminiti 0-0: Called Strike
0-1: Swinging Strike
0-2: Ball
1-2: Ball
2-2: Foul Ball, location: 2F
2-2: SINGLE (Line Drive, 9S, EV 93.8 MPH)
Batting: LHB Carlos Delgado 0-0: Ball
1-0: 2-RUN HOME RUN (Flyball, 8RXD, EV 103.8 MPH), Distance : 433 ft
Batting: LHB John Elway 0-0: Foul Ball, location: 2F
0-1: Foul Ball, location: 2F
0-2: Ball
1-2: Fly out, F8 (Flyball, 8RM, EV 92.5 MPH)
Batting: SHB Jorge Posada 0-0: Called Strike
0-1: Called Strike
0-2: Ball
1-2: Foul Ball, location: 2F
1-2: Fly out, F9 (Flyball, 9LSF, EV 91.9 MPH)
Batting: SHB Gerald Young 0-0: Called Strike
0-1: Swinging Strike
0-2: Strikes out looking
Top of the 2nd over - 2 runs, 2 hits, 0 errors, 0 left on base; Milwaukee 2 - Chicago 2
BOTTOM OF THE 2ND
Chicago Cubs batting - Pitching for Milwaukee Creams : LHP Matt Young
Batting: RHB Chris Hoiles 0-0: Ball
1-0: Ground out 6-3 (Groundball, 6M, EV 85.0 MPH)
Batting: RHB Bob Brower 0-0: Ball
1-0: Foul Ball, location: 2F
1-1: Ground out 6-3 (Groundball, 6MD, EV 88.1 MPH)
Batting: LHB Scott Cooper 0-0: Called Strike
0-1: SINGLE (Groundball, 4D, EV 103.8 MPH)
Batting: RHB Derek Bell 0-0: Ball
1-0: Fly out, F6 (Line Drive, 6, EV 70.0 MPH)
Bottom of the 2nd over - 0 runs, 1 hit, 0 errors, 1 left on base; Milwaukee 2 - Chicago 2
TOP OF THE 3RD
Milwaukee Creams batting - Pitching for Chicago Cubs : LHP Randy Tomlin
Batting: RHB Rey Sanchez 0-0: Ball
1-0: Called Strike
1-1: Foul Ball, location: 2F
1-2: SINGLE (Line Drive, 7LS, EV 91.9 MPH)
Batting: LHB Tom Goodwin 0-0: Bunt missed!
0-1: Bunt missed!
0-2: Foul Ball, location: 2F
0-2: Foul Ball, location: 2F
0-2: SINGLE (Groundball, 34D, EV 93.8 MPH)
Rey Sanchez to second
Runner from 2nd tries for 3rd, SAFE, throw by RF made to third
Batting: RHB Mark Loretta 0-0: Ball
1-0: Called Strike
1-1: Ball
2-1: Grounds into double play, 4-6-3 (Groundball, 34, EV 105.0 MPH)
Rey Sanchez scores
Batting: SHB Chipper Jones 0-0: Ball
1-0: Ground out 4-3 (Groundball, 34, EV 90.0 MPH)
Top of the 3rd over - 1 run, 2 hits, 0 errors, 0 left on base; Milwaukee 3 - Chicago 2
BOTTOM OF THE 3RD
Chicago Cubs batting - Pitching for Milwaukee Creams : LHP Matt Young
Batting: RHB Jeff Cirillo 0-0: Hit by Pitch
Batting: LHB Trot Nixon 0-0: Ball
1-0: Ball
2-0: Foul Ball, location: 2F
2-1: Foul Ball, location: 2F
2-2: Foul Ball, location: 2F
2-2: Ball
3-2: Base on Balls
Jeff Cirillo to second
Batting: RHB Mike Piazza 0-0: Called Strike
0-1: Ball
1-1: Fly out, F9 (Flyball, 89D, EV 96.9 MPH)
Batting: RHB Vinny Castilla 0-0: Ball
1-0: Ball
2-0: Foul Ball, location: 2F
2-1: Foul Ball, location: 2F
2-2: Strikes out swinging
Batting: RHB Carmelo Martinez 0-0: Ball
1-0: Foul Ball, location: 2F
1-1: Fly out, F8 (Flyball, 89D, EV 75.6 MPH)
Bottom of the 3rd over - 0 runs, 0 hits, 0 errors, 2 left on base; Milwaukee 3 - Chicago 2
TOP OF THE 4TH
Milwaukee Creams batting - Pitching for Chicago Cubs : LHP Randy Tomlin
Batting: SHB Ken Caminiti 0-0: Ball
1-0: Ball
2-0: Ball
3-0: Base on Balls
Batting: LHB Carlos Delgado 0-0: Foul Ball, location: 2F
0-1: Foul Ball, location: 2F
0-2: Fly out, F9 (Flyball, 89M, EV 81.3 MPH)
Batting: LHB John Elway 0-0: Called Strike
0-1: Swinging Strike
0-2: Ball
1-2: Strikes out swinging
Batting: SHB Jorge Posada 0-0: Ball
1-0: Called Strike
1-1: Swinging Strike
1-2: Strikes out swinging
Top of the 4th over - 0 runs, 0 hits, 0 errors, 1 left on base; Milwaukee 3 - Chicago 2
BOTTOM OF THE 4TH
Chicago Cubs batting - Pitching for Milwaukee Creams : LHP Matt Young
Batting: RHB Chris Hoiles 0-0: Ball
1-0: Swinging Strike
1-1: Foul Ball, location: 2F
1-2: Fly out, F9 (Flyball, 9D, EV 90.6 MPH)
Batting: RHB Bob Brower 0-0: Ball
1-0: Called Strike
1-1: Called Strike
1-2: Foul Ball, location: 2F
1-2: Strikes out swinging
Batting: LHB Scott Cooper 0-0: Ball
1-0: Called Strike
1-1: Ball
2-1: Fly out, F4 (Line Drive, 4, EV 69.4 MPH)
Bottom of the 4th over - 0 runs, 0 hits, 0 errors, 0 left on base; Milwaukee 3 - Chicago 2
TOP OF THE 5TH
Milwaukee Creams batting - Pitching for Chicago Cubs : LHP Randy Tomlin
Batting: SHB Gerald Young 0-0: DOUBLE (Flyball, 78D, EV 100.0 MPH)
Batting: RHB Rey Sanchez 0-0: Bunt missed!
0-1: Sac Bunt to 25 - play at first, batter OUT! 5-4
Gerald Young to third
Batting: LHB Tom Goodwin 0-0: Called Strike
0-1: SINGLE (Line Drive, 3D, EV 101.9 MPH)
Gerald Young scores
Batting: RHB Mark Loretta 0-0: Ball
1-0: Ball
2-0: SINGLE (Groundball, 4MD, EV 94.4 MPH)
Tom Goodwin to second
Runner from 2nd tries for 3rd, SAFE, throw by CF made to third
Batting: SHB Chipper Jones 0-0: Called Strike
0-1: Ball
Wild Pitch!
Tom Goodwin scores
Mark Loretta to second
1-1: Ball
2-1: Called Strike
2-2: Strikes out swinging
Batting: SHB Ken Caminiti 0-0: Called Strike
0-1: 2-RUN HOME RUN (Flyball, 78XD, EV 95.6 MPH), Distance : 378 ft
Batting: LHB Carlos Delgado 0-0: Foul Ball, location: 2F
0-1: Ball
1-1: Swinging Strike
1-2: Fly out, F7 (Flyball, 7S, EV 91.3 MPH)
Top of the 5th over - 4 runs, 4 hits, 0 errors, 0 left on base; Milwaukee 7 - Chicago 2
BOTTOM OF THE 5TH
Chicago Cubs batting - Pitching for Milwaukee Creams : LHP Matt Young
Batting: RHB Derek Bell 0-0: Ball
1-0: Ball
2-0: Called Strike
2-1: Reached on error, E6 (Groundball, 6, EV 100.0 MPH)
Batting: RHB Jeff Cirillo 0-0: Ball
1-0: Ball
2-0: Foul Ball, location: 2F
2-1: Called Strike
2-2: Ball
3-2: Foul Ball, location: 2F
3-2: SINGLE (Groundball, 34D, EV 95.6 MPH)
Derek Bell to second
Derek Bell to third
Batting: LHB Trot Nixon 0-0: Reached on error, E6 (Groundball, 6MS, EV 90.0 MPH)
Derek Bell scores
Jeff Cirillo to third
Batting: RHB Mike Piazza 0-0: Swinging Strike
0-1: Ball
1-1: Foul Ball, location: 2F
1-2: 3-RUN HOME RUN (Flyball, 9LD, EV 103.1 MPH), Distance : 365 ft
Batting: RHB Vinny Castilla 0-0: Ball
1-0: Ball
2-0: Called Strike
2-1: SINGLE (Groundball, 6MD, EV 98.1 MPH)
Batting: RHB Carmelo Martinez 0-0: Ball
1-0: Called Strike
1-1: Fly out, F9 (Flyball, 9LS, EV 86.3 MPH)
Batting: RHB Chris Hoiles 0-0: Foul Ball, location: 2F
0-1: Ball
1-1: 2-RUN HOME RUN (Flyball, 78XD, EV 103.1 MPH), Distance : 414 ft
Pitching: LHP Eric Nolte
Batting: RHB Bob Brower 0-0: Ball
1-0: Ball
2-0: Foul Ball, location: 2F
2-1: Foul Ball, location: 2F
2-2: Ball
3-2: Base on Balls
Batting: LHB Scott Cooper 0-0: Ball
1-0: Called Strike
1-1: Foul Ball, location: 2F
1-2: Ball
2-2: Strikes out swinging
Batting: RHB Derek Bell 0-0: Foul Ball, location: 2F
0-1: Ball
1-1: Ball
2-1: Ball
3-1: Called Strike
3-2: Ground out 6-3 (Groundball, 56, EV 106.3 MPH)
Bottom of the 5th over - 6 runs, 4 hits, 2 errors, 1 left on base; Milwaukee 7 - Chicago 8
TOP OF THE 6TH
Milwaukee Creams batting - Pitching for Chicago Cubs : LHP Randy Tomlin
Pitching: RHP Mike Schooler
Batting: LHB John Elway 0-0: Called Strike
0-1: Swinging Strike
0-2: Fly out, F7 (Flyball, 7LM, EV 91.3 MPH)
Batting: SHB Jorge Posada 0-0: SINGLE (Line Drive, 78S, EV 110.6 MPH)
Batting: SHB Gerald Young 0-0: Foul Ball, location: 2F
0-1: SINGLE (Line Drive, 8LS, EV 88.8 MPH)
Jorge Posada to second
Batting: RHB Rey Sanchez 0-0: Fly out, F9 (Line Drive, 9, EV 91.3 MPH)
Batting: LHB Tom Goodwin 0-0: Ball
1-0: Called Strike
1-1: Ball
Wild Pitch!
Jorge Posada to third
Gerald Young to second
2-1: Ball
3-1: Foul Ball, location: 2F
3-2: Strikes out swinging
Top of the 6th over - 0 runs, 2 hits, 0 errors, 2 left on base; Milwaukee 7 - Chicago 8
BOTTOM OF THE 6TH
Chicago Cubs batting - Pitching for Milwaukee Creams : LHP Eric Nolte
Batting: RHB Jeff Cirillo 0-0: Ball
1-0: Ball
2-0: Called Strike
2-1: Ball
3-1: DOUBLE (Line Drive, 7LM, EV 111.9 MPH)
Batting: LHB Trot Nixon 0-0: Ball
1-0: Called Strike
1-1: Foul Ball, location: 2F
1-2: Foul Ball, location: 2F
1-2: Ball
2-2: Fly out, F8 (Flyball, 8RD, EV 79.4 MPH)
Batting: RHB Mike Piazza 0-0: Intentional Walk
Batting: RHB Vinny Castilla 0-0: Foul Ball, location: 2F
0-1: Ball
1-1: Ball
2-1: 3-RUN HOME RUN (Flyball, 7D, EV 111.9 MPH), Distance : 378 ft
Pitching: RHP Steve Bedrosian
Batting: RHB Carmelo Martinez 0-0: Foul Ball, location: 2F
0-1: Swinging Strike
0-2: Ball
1-2: Ball
2-2: Ball
3-2: Foul Ball, location: 2F
3-2: Foul Ball, location: 2F
3-2: Base on Balls
Batting: RHB Chris Hoiles 0-0: Foul Ball, location: 2F
0-1: Foul Ball, location: 2F
0-2: Strikes out looking
Batting: RHB Bob Brower 0-0: Called Strike
0-1: Swinging Strike
0-2: Ball
1-2: Ball
2-2: Fielders Choice at 2nd, 6-4 (Groundball, 6, EV 96.3 MPH)
Bottom of the 6th over - 3 runs, 2 hits, 0 errors, 1 left on base; Milwaukee 7 - Chicago 11
TOP OF THE 7TH
Milwaukee Creams batting - Pitching for Chicago Cubs : RHP Mike Schooler
Batting: RHB Mark Loretta 0-0: Ball
1-0: Ball
2-0: Fly out, F9 (Flyball, 9S, EV 85.6 MPH)
Batting: SHB Chipper Jones 0-0: Ball
1-0: Called Strike
1-1: SOLO HOME RUN (Flyball, 9D, EV 113.1 MPH), Distance : 405 ft
Batting: SHB Ken Caminiti 0-0: Foul Ball, location: 2F
0-1: Ball
1-1: Foul Ball, location: 2F
1-2: Ball
2-2: Ball
3-2: Foul Ball, location: 2F
3-2: SINGLE (Flyball, 7S, EV 87.5 MPH)
Batting: LHB Carlos Delgado 0-0: Ball
1-0: Ball
2-0: DOUBLE (Line Drive, 9LM, EV 114.4 MPH)
Ken Caminiti to third
Runner from 3rd tries for Home, SAFE, throw by RF to home
Batting: LHB John Elway 0-0: Swinging Strike
0-1: Swinging Strike
0-2: SINGLE (Line Drive, 9LM, EV 90.6 MPH)
Carlos Delgado to third
Runner from 3rd tries for Home, SAFE, throw by RF to home
Batting: SHB Jorge Posada 0-0: Ball
1-0: Called Strike
1-1: Ball
2-1: Called Strike
2-2: Foul Ball, location: 2F
2-2: Strikes out looking
Batting: SHB Gerald Young 0-0: Ball
1-0: SINGLE (Line Drive, 6MD, EV 94.4 MPH)
John Elway to second
Runner from 2nd tries for 3rd, SAFE, no throw by CF
Batting: RHB Rey Sanchez 0-0: Ball
1-0: SINGLE (Line Drive, 56, EV 100.6 MPH)
John Elway scores
Gerald Young to second
Runner from 2nd tries for 3rd, OUT! 7-5
Top of the 7th over - 4 runs, 6 hits, 0 errors, 1 left on base; Milwaukee 11 - Chicago 11
BOTTOM OF THE 7TH
Chicago Cubs batting - Pitching for Milwaukee Creams : RHP Steve Bedrosian
Batting: LHB Scott Cooper 0-0: Called Strike
0-1: Foul Ball, location: 2F
0-2: Fly out, F6 (Popup, 56D, EV 63.1 MPH)
Batting: RHB Derek Bell 0-0: Ball
1-0: Ball
2-0: Called Strike
2-1: Foul Ball, location: 2F
2-2: Ball
3-2: Fly out, F5 (Line Drive, 5, EV 68.1 MPH)
Batting: RHB Jeff Cirillo 0-0: Called Strike
0-1: Swinging Strike
0-2: Ball
1-2: Fly out, F6 (Popup, 6, EV 64.4 MPH)
Bottom of the 7th over - 0 runs, 0 hits, 0 errors, 0 left on base; Milwaukee 11 - Chicago 11
TOP OF THE 8TH
Milwaukee Creams batting - Pitching for Chicago Cubs : RHP Mike Schooler
Pitching: LHP Mike Holtz
Batting: LHB Tom Goodwin 0-0: Ball
1-0: Called Strike
1-1: Ball
2-1: Swinging Strike
2-2: Ball
3-2: Foul Ball, location: 2F
3-2: Ground out 1-3 (Groundball, 23, EV 91.9 MPH)
Batting: RHB Mark Loretta 0-0: Called Strike
0-1: Ball
1-1: Called Strike
1-2: Ball
2-2: Ball
3-2: Foul Ball, location: 2F
3-2: Foul Ball, location: 2F
3-2: Foul Ball, location: 2F
3-2: Strikes out looking
Batting: SHB Chipper Jones 0-0: Ball
1-0: Ball
2-0: Ground out 6-3 (Groundball, 6M, EV 110.6 MPH)
Top of the 8th over - 0 runs, 0 hits, 0 errors, 0 left on base; Milwaukee 11 - Chicago 11
BOTTOM OF THE 8TH
Chicago Cubs batting - Pitching for Milwaukee Creams : RHP Steve Bedrosian
Pitching: LHP Rob Murphy
Batting: LHB Trot Nixon 0-0: Ball
1-0: Ground out 6-3 (Groundball, 6S, EV 85.6 MPH)
Batting: RHB Mike Piazza 0-0: Ball
1-0: Foul Ball, location: 2F
1-1: Ball
2-1: Ground out 4-3 (Groundball, 4, EV 101.9 MPH)
Batting: RHB Vinny Castilla 0-0: Foul Ball, location: 2F
0-1: DOUBLE (Line Drive, 7LD, EV 105.0 MPH)
Batting: RHB Carmelo Martinez 0-0: Called Strike
0-1: Ball
1-1: Ball
2-1: DOUBLE (Groundball, 5L, EV 96.3 MPH)
Vinny Castilla scores
Batting: RHB Chris Hoiles 0-0: Intentional Walk
Batting: RHB Bob Brower 0-0: Ball
1-0: Swinging Strike
1-1: Foul Ball, location: 2F
1-2: Foul Ball, location: 2F
1-2: Ball
2-2: Foul Ball, location: 2F
2-2: Ball
3-2: Foul Ball, location: 2F
3-2: Foul Ball, location: 2F
3-2: Fly out, F7 (Flyball, 7, EV 95.6 MPH)
Bottom of the 8th over - 1 run, 2 hits, 0 errors, 2 left on base; Milwaukee 11 - Chicago 12
TOP OF THE 9TH
Milwaukee Creams batting - Pitching for Chicago Cubs : LHP Mike Holtz
Pitching: LHP Frank DiPino
Batting: SHB Ken Caminiti 0-0: Ball
1-0: Foul Ball, location: 2F
1-1: Ball
2-1: Swinging Strike
2-2: Ball
3-2: Foul Ball, location: 2F
3-2: Foul Ball, location: 2F
3-2: Base on Balls
Batting: LHB Carlos Delgado 0-0: Ground out 4-3 (Groundball, 4S, EV 64.4 MPH)
Ken Caminiti to second
Batting: LHB John Elway 0-0: Ball
1-0: Ball
2-0: Foul Ball, location: 2F
2-1: Foul Ball, location: 2F
2-2: Ball
3-2: DOUBLE (Flyball, 8RXD, EV 105.6 MPH)
Ken Caminiti scores
Batting: SHB Jorge Posada 0-0: Called Strike
0-1: Ball
Wild Pitch!
John Elway to third
1-1: Ball
2-1: Ball
3-1: Foul Ball, location: 2F
3-2: Base on Balls
Batting: SHB Gerald Young 0-0: Foul Ball, location: 2F
0-1: Foul Ball, location: 2F
0-2: SINGLE (Line Drive, 78S, EV 103.1 MPH)
John Elway scores
Jorge Posada to second
Batting: RHB Rey Sanchez 0-0: Grounds into double play, 4-6-3 (Groundball, 4, EV 85.6 MPH)
Top of the 9th over - 2 runs, 2 hits, 0 errors, 1 left on base; Milwaukee 13 - Chicago 12
BOTTOM OF THE 9TH
Chicago Cubs batting - Pitching for Milwaukee Creams : LHP Rob Murphy
Pinch Hitting: RHB Randy Velarde 0-0: Ball
1-0: Called Strike
1-1: Foul Ball, location: 2F
1-2: Ball
2-2: Foul Ball, location: 2F
2-2: Fly out, F3 (Line Drive, 3, EV 69.4 MPH)
Batting: RHB Derek Bell 0-0: Called Strike
0-1: Swinging Strike
0-2: Ball
1-2: Ground out 5-3 (Groundball, 56, EV 83.1 MPH)
Batting: RHB Jeff Cirillo 0-0: Ball
1-0: Ball
2-0: Ball
3-0: Called Strike
3-1: SINGLE (Flyball, 89M, EV 99.4 MPH)
Pitching: RHP Wes Gardner
Batting: LHB Trot Nixon 0-0: Swinging Strike
0-1: Ball
1-1: SINGLE (Groundball, 3, EV 83.1 MPH) (infield hit)
Jeff Cirillo to second
Batting: RHB Mike Piazza 0-0: Swinging Strike
0-1: Ball
Passed Ball!
Jeff Cirillo to third
Trot Nixon to second
1-1: Intentional Walk
Batting: RHB Vinny Castilla 0-0: Ball
1-0: Fly out, F7 (Line Drive, 7D, EV 94.4 MPH)
Bottom of the 9th over - 0 runs, 2 hits, 0 errors, 3 left on base; Milwaukee 13 - Chicago 12
Tuesday, February 10th, 2026 - OOTP Baseball 20.8 Build 74